 Dungeon Crawl Stone Soup version 0.21.1-1-g345015f (webtiles) character file.

12211 Fang the Cleaver (level 11, -7/72 HPs)
             Began as a Gargoyle Berserker on July 23, 2018.
             Was a High Priest of Trog.
             Mangled by a tengu warrior
             ... wielding a +0 bardiche
              (14 damage)
             ... on level 11 of the Dungeon.
             The game lasted 00:17:50 (10312 turns).

Fang the Cleaver (Gargoyle Berserker)              Turns: 10312, Time: 00:17:51

Health: -7/72      AC: 14    Str: 28    XL:     11   Next: 89%
Magic:  11/11      EV: 15    Int:  8    God:    Trog [*****.]
Gold:   603        SH:  0    Dex:  9    Spells: 10/10 levels left

rFire    . . .     SeeInvis .   i - +3 hand axe
rCold    . . .     Gourm    .   (no shield)
rNeg     + . .     Faith    .   t - +0 leather armour of the Great Game {Str+2}
rPois    ∞         Spirit   .   (no helmet)
rElec    +         Reflect  .   (no cloak)
rCorr    .         Harm     .   u - +2 pair of gloves
MR       .....                  (no boots)
Stlth    ++........             r - amulet of regeneration
HPRegen  0.62/turn              g - +2 ring of strength
MPRegen  0.12/turn              (no ring)

@: no status effects
A: negative energy resistance 1, electricity resistance, unbreathing,
petrification resistance, rot immunity, AC +8
a: Berserk, Trog's Hand, Brothers in Arms, Burn Spellbooks, Renounce Religion


You were on level 11 of the Dungeon.
You worshipped Trog.
Trog was extremely pleased with you.
You were not hungry.

You visited 2 branches of the dungeon, and saw 12 of its levels.

You collected 603 gold pieces.

Inventory:

Hand Weapons
 i - a +3 hand axe (weapon)
Armour
 m - the +2 robe "Kaliakk" {Int+5 Dex-2}
   (You found it on level 7 of the Dungeon)

   It affects your intelligence (+5).
   It affects your dexterity (-2).
 t - the +0 leather armour of the Great Game (worn) {Str+2}
   (You found it on level 10 of the Dungeon)

   It affects your strength (+2).
 u - a +2 pair of gloves (worn)
Jewellery
 g - a +2 ring of strength (left hand)
 r - an amulet of regeneration (around neck)
Wands
 e - a wand of disintegration (16)
 q - a wand of flame (16)
 s - a wand of digging (10)
 v - a wand of random effects (58)
Scrolls
 d - 2 scrolls of enchant armour
 h - 2 scrolls of magic mapping
 j - 5 scrolls of identify
 o - a scroll of vulnerability
Potions
 a - a potion of brilliance
 f - a potion of lignification
 k - a potion of curing
 l - 3 potions of flight
 p - a potion of haste
 w - a potion of heal wounds
 z - a potion of might
Comestibles
 b - 5 chunks of flesh
 c - 9 rations


   Skills:
 + Level 10.0 Fighting
 + Level 12.2 Axes
 + Level 2.7 Armour
 + Level 7.9 Dodging
 + Level 4.2 Stealth


You had 10 spell levels left.
You didn't know any spells.

Dungeon Overview and Level Annotations

Branches:
Dungeon (11/15)            Temple (1/1) D:6            Lair (0/6) D:11
    Orc (0/2) D:11

Altars:
Ashenzari
Cheibriados
Dithmenos
Elyvilon
Fedhas
Gozag
Hepliaklqana
Kikubaaqudgha
Makhleb
Nemelex Xobeh
Okawaru
Qazlal
Ru
Sif Muna
Trog
Uskayaw
Vehumet
Wu Jian
Xom
Yredelemnul
Zin
The Shining One


Innate Abilities, Weirdness & Mutations

You are resistant to torment.
Your stone body is resilient. (AC +8)
You are immune to poison.
You resist negative energy. (rN+)
You are resistant to electric shocks. (rElec)
You can survive without breathing.
You are immune to petrification.
You are immune to rotting.


Message History

There is an open door here.
Your ogre barely misses the tengu warrior.
Your ogre barely misses the orc warrior.
The tengu warrior hits you but does no damage.
Your ogre hits the orc warrior with a giant spiked club!!
Your ogre closely misses the battlesphere.
Your ogre barely misses the tengu conjurer.
The tengu warrior hits you but does no damage.
You hear a shout!
The tengu warrior hits you from afar with a bardiche!
* * * LOW HITPOINT WARNING * * *
Your ogre hits the battlesphere with a giant spiked club!
The tengu warrior hits you from afar with a bardiche.
* * * LOW HITPOINT WARNING * * *
Your ogre hits the tengu warrior with a giant spiked club!!
The tengu conjurer barely misses your ogre.
The tengu conjurer pecks your ogre. The tengu conjurer claws your ogre.
Your ogre closely misses the tengu conjurer.
The tengu warrior hits you from afar with a bardiche!
You die...

..................).
#.........)...........
#.....................
#.....................
#.....................
#.....................
#.....................
#........[)...........
#....@...)(...........
#.....................
#####Q.#####'######...
+..#...<..#.......
#O.#......#.......
#####Q*##+#>###...###.
#....o..#..#..#....#..
#..Q....#..'..#....#..
#.......#..#..#....#..


You could see a tengu warrior, a tengu conjurer, an orc warrior, a battlesphere
and a friendly ogre (berserk).

Vanquished Creatures
  3 two-headed ogres
  The ghost of Fang the Cleaver, a journeyman GrBe of Trog (D:9)
  An unseen horror (D:10)
  Pikel (D:6)
  A manticore (D:9)
  A hornet (D:8)
  A troll (D:9)
  A hippogriff (D:9)
  A wraith (D:11)
  Sigmund (D:2)
  A yak (D:9)
  A wyvern (D:9)
  2 vampire mosquitoes (D:9)
  2 hungry ghosts
  Menkaure (D:5)
  A soldier ant (D:10)
  A sky beast (D:8)
  6 orc warriors
  2 slaves (D:6)
  5 ice beasts
  5 phantoms
  A necrophage (D:8)
  5 centaurs
  2 eyes of draining (D:9)
  An ogre (D:9)
  A big kobold (D:10)
  3 bullfrogs
  Blork the orc (D:5)
  A wyvern skeleton (D:7)
  A scorpion (D:8)
  A killer bee (D:8)
  A vampire bat (D:9)
  11 wights
  A howler monkey (D:8)
  3 crimson imps
  2 quasits
  A centaur zombie (D:8)
  6 hounds
  6 orc priests
  Crazy Yiuf (D:3)
  A bullfrog skeleton (D:9)
  6 jellies
  Jessica (D:3)
  Ijyb (D:4)
  3 iguanas
  12 orc wizards
  8 worker ants
  A killer bee zombie (D:9)
  3 ogre zombies (D:11)
  A hound zombie (D:10)
  3 hound skeletons
  Robin (D:3)
  A worker ant zombie (D:5)
  A howler monkey skeleton (D:5)
  14 adders
  2 shadow imps
  2 adder skeletons
  An adder zombie (D:6)
  3 worms
  A dart slug (D:1)
  7 leopard geckos
  44 orcs
  4 bat skeletons (D:9)
  A bat zombie (D:9)
  9 giant cockroaches
  10 goblins
  9 hobgoblins
  11 jackals
  6 quokkas
  4 bats
  5 frilled lizards
  4 hobgoblin zombies (D:11)
  7 kobolds
  2 orc skeletons (D:11)
  8 orc zombies (D:11)
  A quokka skeleton (D:6)
  2 rats
288 creatures vanquished.

Vanquished Creatures (collateral kills)
  The ghost of Forcystus the Cleaver, a novice MiFi of Trog (D:7)
  A troll (D:9)
  5 yaks (D:9)
  A hungry ghost (D:11)
  An ogre (D:10)
  A bullfrog (D:7)
  A troll zombie (D:11)
  2 ogre zombies (D:11)
  An adder (D:10)
  3 orcs
  2 jackals (D:10)
  A quokka (D:10)
  A hobgoblin skeleton (D:11)
  A hobgoblin zombie (D:11)
  2 orc zombies (D:11)
24 creatures vanquished.

Vanquished Creatures (others)
  A worm (D:6)
  An orc (D:11)
  A butterfly (D:6)
3 creatures vanquished.

Grand Total: 315 creatures vanquished

Notes
Turn   | Place    | Note
-------+----------+-------------------------------------------
     0 | D:1      | Fang the Gargoyle Berserker began the quest for the Orb.
     0 | D:1      | Reached XP level 1. HP: 14/14 MP: 1/1
   120 | D:1      | Reached XP level 2. HP: 19/19 MP: 2/2
   193 | D:1      | Reached skill level 3 in Axes
   708 | D:2      | Reached XP level 3. HP: 19/24 MP: 3/3
  1036 | D:2      | Reached ** piety under Trog
  1159 | D:2      | Noticed Sigmund
  1172 | D:2      | Killed Sigmund
  1172 | D:2      | Reached skill level 4 in Axes
  1172 | D:2      | Reached skill level 1 in Stealth
  1172 | D:2      | Reached XP level 4. HP: 21/29 MP: 4/4
  1172 | D:2      | Reached XP level 5. HP: 24/33 MP: 5/5
  1418 | D:2      | Reached XP level 6. HP: 38/38 MP: 6/6
  1659 | D:3      | Found a glowing silver altar of Zin.
  1659 | D:3      | Noticed an angel
  1769 | D:3      | Noticed Jessica
  1777 | D:3      | Killed Jessica
  1777 | D:3      | Reached skill level 5 in Axes
  1850 | D:3      | Found a runed door.
  2048 | D:3      | Noticed Robin
  2067 | D:3      | Killed Robin
  2216 | D:3      | Reached *** piety under Trog
  2229 | D:3      | Found a radiant altar of Vehumet.
  2691 | D:3      | Noticed Crazy Yiuf
  2695 | D:3      | Killed Crazy Yiuf
  2890 | D:4      | Found a sparkling altar of Nemelex Xobeh.
  2893 | D:4      | Found a blossoming altar of Fedhas.
  2893 | D:4      | Found a snail-covered altar of Cheibriados.
  2896 | D:4      | Found a shattered altar of Ashenzari.
  2987 | D:4      | Reached XP level 7. HP: 43/44 MP: 7/7
  3189 | D:4      | Reached skill level 6 in Axes
  3192 | D:4      | Reached skill level 5 in Fighting
  3494 | D:4      | Noticed Ijyb
  3506 | D:4      | Killed Ijyb
  4022 | D:5      | Entered Level 5 of the Dungeon
  4171 | D:5      | Noticed Blork the orc
  4183 | D:5      | Killed Blork the orc
  4183 | D:5      | Reached XP level 8. HP: 49/49 MP: 8/8
  4229 | D:5      | Noticed Menkaure
  4246 | D:5      | Killed Menkaure
  4246 | D:5      | Reached **** piety under Trog
  4581 | D:5      | Reached skill level 7 in Axes
  5400 | D:6      | Found a white marble altar of Elyvilon.
  5591 | D:6      | Noticed Pikel
  5602 | D:6      | Killed Pikel
  5602 | D:6      | Reached skill level 8 in Axes
  5602 | D:6      | Reached XP level 9. HP: 56/56 MP: 9/9
  5835 | D:6      | Found a staircase to the Ecumenical Temple.
  6038 | Temple   | Entered the Ecumenical Temple
  6136 | D:7      | Noticed Forcystus's ghost (novice MiFi)
  6162 | D:7      | Killed Forcystus's ghost
  6162 | D:7      | Reached skill level 5 in Dodging
  6225 | D:7      | Noticed a two-headed ogre
  6236 | D:7      | Killed a two-headed ogre
  6236 | D:7      | Reached skill level 9 in Axes
  6338 | D:7      | Reached XP level 10. HP: 62/63 MP: 10/10
  6587 | D:7      | Found a radiant altar of Vehumet.
  6662 | D:7      | Got a steaming robe
  6673 | D:7      | Identified the +2 robe "Kaliakk" {Int+5 Dex-2} (You found it on level 7 of the Dungeon)
  6879 | D:8      | Reached skill level 10 in Axes
  7069 | D:8      | Noticed a two-headed ogre
  7080 | D:8      | Killed a two-headed ogre
  7274 | D:8      | Reached ***** piety under Trog
  8011 | D:9      | Reached skill level 11 in Axes
  8093 | D:9      | Reached XP level 11. HP: 58/69 MP: 11/11
  8298 | D:9      | Noticed a manticore
  8334 | D:9      | Killed a manticore
  8632 | D:9      | Noticed Fang's ghost (journeyman GrBe)
  8647 | D:9      | Killed Fang's ghost
  8869 | D:9      | Found a burning altar of Makhleb.
  8871 | D:9      | Noticed a cacodemon
  9052 | D:9      | Found an ancient bone altar of Kikubaaqudgha.
  9120 | D:10     | Entered Level 10 of the Dungeon
  9131 | D:10     | Received a gift from Trog
  9274 | D:10     | Killed an unseen horror
  9288 | D:10     | Got a pitted leather armour
  9299 | D:10     | Identified the +0 leather armour of the Great Game {Str+2} (You found it on level 10 of the Dungeon)
  9458 | D:10     | Noticed a two-headed ogre
  9468 | D:10     | Killed a two-headed ogre
  9468 | D:10     | Reached skill level 12 in Axes
 10018 | D:11     | Found a staircase to the Orcish Mines.
 10038 | D:11     | Paralysed by fainting for 11 turns
 10058 | D:11     | HP: 2/72 [troll zombie (5)]
 10210 | D:11     | Found a staircase to the Lair.
 10230 | D:11     | Received a gift from Trog
 10233 | D:11     | Reached skill level 10 in Fighting
 10284 | D:11     | Noticed a tengu warrior
 10312 | D:11     | Mangled by a tengu warrior

Skill      XL: |  1  2  3  4  5  6  7  8  9 10 11 |
---------------+----------------------------------+-----
Axes           | 3 4 5 6 8 9 11 12 | 12.2
Fighting       | 4 5 6 7 8 10 | 10.0
Dodging        | 2 3 4 5 6 7 |  7.9
Stealth        | 1 2 3 4 |  4.2
Armour         | |  2.7

Action                   |  1- 3 |  4- 6 |  7- 9 | 10-12 || total
-------------------------+-------+-------+-------+-------++-------
Melee: Hand axe          |    83 |   115 |   243 |   664 ||  1105
Invok: Berserk           |     2 |     2 |     4 |     9 ||    17
       Burn Spellbooks   |       |       |     2 |     1 ||     3
       Brothers in Arms  |       |       |     1 |     5 ||     6
  Use: Scroll            |       |       |    13 |     5 ||    18
       Potion            |       |       |       |     6 ||     6
 Stab: Sleeping          |     1 |     1 |     1 |     2 ||     5
       Distracted        |       |       |       |     1 ||     1
  Eat: Chunk             |     1 |     9 |     8 |    20 ||    38
       Ration            |       |       |     2 |     3 ||     5
Armor: Animal skin       |    24 |    41 |    88 |    24 ||   177
       Robe              |       |       |       |   148 ||   148
       Leather armour    |       |       |       |   102 ||   102
Dodge: Dodged            |    50 |    74 |   135 |   371 ||   630
